 Dungeon Crawl Stone Soup version 0.27.1-34-g3ba077fa99 (webtiles) character file.

Game seed: 8702695528496533699

104344 zeram the Thaumaturge (level 16, -6/109 (124) HPs)
             Began as a Gnoll Necromancer on Jan 16, 2022.
             Was an Initiate of Gozag.
             Hit by a boomerang thrown by a merfolk (14 damage)
             ... on level 3 of the Shoals.
             The game lasted 01:26:18 (33100 turns).

zeram the Thaumaturge (Gnoll Necromancer)          Turns: 33100, Time: 01:26:19

HP:   -6/109 (124)  AC: 14    Str: 14    XL:     16   Next: 38%
MP:   12/31         EV: 24    Int: 23    God:    Gozag
Gold: 2995          SH:  9    Dex: 20    Spells: 0/38 levels left

rFire    + . .     SeeInvis .   l - +9 spear "Tattletale" {spect, rElec rPois rC++ Int+4}
rCold    + + .     Faith    .   t - +2 buckler
rNeg     . . .     Spirit   .   L - +0 robe "Meluh Avorr" {Drain rF+ Str+5 Archmagi}
rPois    +         Reflect  .   i - +2 helmet
rElec    +         Harm     .   V - scarf {repulsion}
rCorr    .         Rampage  .   y - +3 pair of gauntlets of War {Slay+5}
Will     +....     Archmagi +   j - +2 pair of boots
Stlth    +++++.....             x - amulet of regeneration
HPRegen  1.28/turn              e - +4 ring of evasion
MPRegen  0.22/turn              C - +6 ring of dexterity

@: gold aura, heavily drained, repel missiles
A: fangs 1, strong nose, distributed training
a: Renounce Religion, Potion Petition, Call Merchant, Bribe Branch


You were on level 3 of the Shoals.
You worshipped Gozag.
Gozag was most pleased with you.
You visited 5 branches of the dungeon, and saw 24 of its levels.
You also visited: Bailey.

You collected 9215 gold pieces.
You spent 5051 gold pieces at shops.
You paid 1169 gold pieces to Gozag.

Inventory:

Hand Weapons
 l - the +9 spear "Tattletale" (weapon) {spect, rElec rPois rC++ Int+4}
   (You bought it in a shop on level 2 of the Orcish Mines)

   When its wielder attacks, the weapon's spirit leaps out and strikes again.
   The spirit shares a part of any damage it takes with its wielder.
   Int:       It affects your intelligence (+4).
   rC:        It greatly protects you from cold.
   rElec:     It insulates you from electricity.
   rPois:     It protects you from poison.
 B - the +7 great sword of Duty {vorpal, rElec rN+ Int+3 Dex-3}
   (You found it on level 7 of the Dungeon)

   It inflicts extra damage upon your enemies.
   Int:       It affects your intelligence (+3).
   Dex:       It affects your dexterity (-3).
   rElec:     It insulates you from electricity.
   rN:        It protects you from negative energy.
 M - the +8 rapier of Eppatzu {vorpal, Drain rPois Will+ Dex+4}
   (You bought it in a shop on level 3 of the Dungeon)

   It inflicts extra damage upon your enemies.
   Dex:       It affects your dexterity (+4).
   rPois:     It protects you from poison.
   Drain:     It drains your maximum health when unequipped.
   Will:      It increases your willpower.
 O - the +8 morningstar "Ruobb" {protect, Str+3}
   (You found it on level 2 of the Shoals)

   It grants its wielder temporary protection when it strikes (+7 to AC).
   Str:       It affects your strength (+3).
Missiles
 m - 25 poisoned darts (quivered)
 n - 4 datura-tipped darts
 s - 3 throwing nets
Armour
 d - a +2 troll leather armour
 i - a +2 helmet (worn)
 j - a +2 pair of boots (worn)
 k - a +2 cloak
 q - the +1 robe "Umaerec" {rElec Int+4}
   (You found it on level 6 of the Dungeon)

   Int:       It affects your intelligence (+4).
   rElec:     It insulates you from electricity.
 t - a +2 buckler (worn)
 y - the +3 pair of gauntlets of War (worn) {Slay+5}
   (You acquired it in a bailey)

   Slay:      It affects your accuracy & damage with ranged weapons and melee
   (+5).
 I - a +1 cloak
 L - the +0 robe "Meluh Avorr" (worn) {Drain rF+ Str+5 Archmagi}
   (You bought it in a shop on level 3 of the Dungeon)

   Str:       It affects your strength (+5).
   rF:        It protects you from fire.
   Drain:     It drains your maximum health when unequipped.
   Archmagi:  It increases the power of your magical spells.
 V - a scarf of repulsion (worn)
Jewellery
 e - a +4 ring of evasion (left hand)
 r - a ring of magical power
 x - an amulet of regeneration (around neck)
 z - a ring of positive energy
 C - a +6 ring of dexterity (right hand)
 R - the ring of Olo Canatoi {SInv Stlth+}
   (You bought it in a shop on level 6 of the Lair of Beasts)

   [ring of see invisible]

   SInv:      It lets you see invisible.
   Stlth:     It makes you more stealthy.
 W - an amulet of magic regeneration
Wands
 g - a wand of digging (10)
 w - a wand of paralysis (4)
 F - a wand of acid (49)
 G - a wand of mindburst (15)
 P - a wand of flame (18)
Scrolls
 b - 5 scrolls of enchant weapon
 c - a scroll of brand weapon
 f - a scroll of fog
 h - 13 scrolls of teleportation
 p - 6 scrolls of holy word
 K - 2 scrolls of fear
 N - 2 scrolls of blinking
 Q - 4 scrolls of magic mapping
 T - 15 scrolls of identify
 U - 2 scrolls of amnesia
 X - a scroll of immolation {unknown}
Potions
 a - 2 potions of heal wounds
 o - 5 potions of resistance
 u - 3 potions of magic
 v - 6 potions of brilliance
 D - 4 potions of flight
 E - 2 potions of cancellation
 H - 5 potions of curing
 J - 3 potions of haste
 S - 4 potions of ambrosia


   Skills:
 + Level 10.7 Fighting
 + Level 10.7 Short Blades
 + Level 10.7 Long Blades
 + Level 10.7 Axes
 + Level 10.7 Maces & Flails
 + Level 10.7 Polearms
 + Level 10.7 Staves
 + Level 10.7 Slings
 + Level 10.7 Bows
 + Level 10.7 Crossbows
 + Level 10.7 Throwing
 + Level 10.7 Armour
 + Level 11.6 Dodging
 + Level 11.4 Stealth
 + Level 10.7 Shields
 + Level 10.7 Unarmed Combat
 + Level 11.7 Spellcasting
 + Level 9.1 Conjurations
 + Level 9.1 Hexes
 + Level 9.1 Summonings
 + Level 11.4 Necromancy
 + Level 9.1 Translocations
 + Level 9.1 Transmutations
 + Level 9.1 Fire Magic
 + Level 9.1 Ice Magic
 + Level 9.1 Air Magic
 + Level 9.1 Earth Magic
 + Level 9.1 Poison Magic
 + Level 11.6 Invocations
 + Level 10.7 Evocations


You couldn't memorise any spells.
You knew the following spells:

 Your Spells              Type           Power      Damage    Failure   Level
a - Pain                  Necr           100%       1d9       1%          1
b - Summon Ice Beast      Ice/Summ       70%        N/A       1%          4
c - Vampiric Draining     Necr           39%        2d11      1%          3
d - Animate Dead          Necr           39%        N/A       1%          4
e - Agony                 Necr           78%        N/A       1%          5
f - Invisibility          Hex            35%        N/A       17%         6
g - Shadow Creatures      Summ           N/A        N/A       17%         6
h - Ensorcelled Hibernat  Hex/Ice        100%       N/A       1%          2
i - Poisonous Vapours     Pois/Air       100%       N/A       1%          2
j - Animate Skeleton      Necr           100%       N/A       1%          1
k - Cause Fear            Hex            35%        N/A       1%          4

Your spell library contained the following spells:

 Spells                   Type           Power      Damage    Failure   Level
 Apportation              Tloc           100%       N/A       1%          1
 Sting                    Tmut/Pois      100%       1d8       1%          1
 Corpse Rot               Necr/Air       N/A        N/A       1%          2
 Sublimation of Blood     Necr           39%        N/A       1%          2
 Wereblood                Tmut           70%        N/A       1%          2
 Ignite Poison            Fire/Tmut/Pois 70%        N/A       1%          3
 Spider Form              Tmut/Pois      35%        N/A       1%          3
 Summon Guardian Golem    Hex/Summ       70%        N/A       1%          3
 Dispel Undead            Necr           78%        3d26      1%          4
 Olgreb's Toxic Radiance  Pois           70%        N/A       1%          4
 Petrify                  Tmut/Erth      70%        N/A       1%          4
 Borgnjor's Vile Clutch   Necr/Erth      37%        N/A       1%          5
 Alistair's Intoxication  Tmut/Pois      46%        N/A       3%          5
 Fireball                 Conj/Fire      35%        3d15      3%          5
 Freezing Cloud           Conj/Ice/Air   35%        6-21      3%          5
 Irradiate                Conj/Tmut      35%        3d25      3%          5
 Iskenderun's Battlesphe  Conj           70%        2d12      3%          5
 Death Channel            Necr           39%        N/A       7%          6
 Conjure Ball Lightning   Conj/Air       35%        3x3d11    17%         6
 Dragon Form              Tmut           35%        N/A       67%         7
 Orb of Destruction       Conj           35%        9d13      67%         7
 Spellforged Servitor     Conj/Summ      35%        N/A       67%         7
 Summon Hydra             Summ           35%        N/A       67%         7
 Dragon's Call            Summ           35%        N/A       100%        9


Dungeon Overview and Level Annotations

Branches:
Dungeon (13/15)            Temple (0/1) D:5            Lair (6/6) D:11
 Shoals (3/4) Lair:2        Snake (0/4) Lair:4        Slime (0/5) Lair:5
    Orc (2/2) D:10            Elf (1/3) Orc:2        Bailey (visited)
 Vaults: D:13-14

Altars:
Gozag
Hepliaklqana
Nemelex Xobeh
Qazlal
Sif Muna
Trog
Wu Jian
Yredelemnul
Beogh
Jiyva

Shops:
D:3 *??([   D:7 **   D:8 !   Orc:1 *   Orc:2 (:?:   Lair:6 =   Shoals:1 [
Shoals:2 :=   Shoals:3 (

Annotations:
D:11 2 transporters, LustLizard's ghost, journeyman MiBe
D:12 3 runed translucent doors
Lair:5 1 runed translucent door, exclusion: 2 oklob plants
Shoals:3 Roxanne
Elf:1 4 runed translucent doors


Innate Abilities, Weirdness & Mutations

You have very sharp teeth.
Your uncanny sense of smell can sniff out nearby items.
Your experience applies equally to all skills.


Message History

Your ice beast hits the merfolk javelineer.
Your ice beast freezes the merfolk javelineer!
The merfolk hits your ice beast with a +0 trident!
The merfolk closely misses your ice beast.
The merfolk javelineer throws a silver javelin.
The silver javelin pierces through you!
* * * LOW HITPOINT WARNING * * *
x2 Your ice beast hits the merfolk but does no damage.
As you read the scroll of summoning, it crumbles to dust.
Wisps of shadow whirl around you...
Your ice beast barely misses the merfolk javelineer.
The merfolk throws a boomerang.
The boomerang hits your ice beast!!
The merfolk closely misses your ice beast.
The merfolk hits your ice beast from afar with a +0 trident!
The merfolk javelineer throws a silver javelin.
The silver javelin misses you.
Your ice beast hits the merfolk.
Your ice beast freezes the merfolk!!
The merfolk dies!
What are your orders? t - Bark!
Orders for allies: a - Attack new target. p - Attack previous target. r - Retreat! s - Stop attacking. g - Guard the area. f - Follow me.
Anything else - Cancel.
Gang up on whom?
Press: ? - help, Dir - move target, f/p - merfolk javelineer
Aim: a merfolk javelineer, wielding a +0 spear, wearing a +0 leather armour and quivering silver javelins (heavily wounded, ally target) Attack!
Your ice beast closely misses the merfolk javelineer.
The merfolk hits your ice beast with a +0 trident!
Your ice beast dies!
Your ice beast disappears in a puff of smoke!
Your wind drake flaps its wings at the merfolk javelineer.
The air twists around and strikes the merfolk javelineer!
The merfolk javelineer throws a silver javelin.
The silver javelin pierces through you!
* * * LOW HITPOINT WARNING * * *
x2 The merfolk throws a boomerang.
The boomerang hits you!
You die...
Your body crumbles into a pile of gold.

≈≈≈≈≈≈≈≈≈..≈≈≈≈≈.≈≈≈.........
≈≈≈≈≈≈≈≈≈≈..≈≈≈..≈≈≈..}...((.
≈≈≈≈≈≈≈≈≈...≈≈...≈≈...###.(..
≈≈≈≈$≈≈≈.m#..≈≈..≈....###.((.
≈≈≈≈.≈≈≈YY..m......≈≈..##.###
≈≈≈≈.$...###mmm##.≈≈≈...#....
≈≈≈≈.$$...##.§Y...≈≈....#....
≈≈≈≈≈###.....≈.....≈≈≈....###
≈≈≈≈..##....@.....≈≈≈≈≈≈≈≈...
≈≈≈≈....≈≈kt.(≈≈≈≈≈≈≈≈≈≈≈≈≈≈.
≈≈≈...≈≈≈≈..≈≈≈≈≈≈≈≈≈≈≈≈≈≈≈
≈≈≈≈..≈≈≈≈≈.≈≈≈≈≈≈≈≈≈≈≈≈≈≈≈
≈≈≈≈≈≈≈≈≈≈≈≈≈≈≈≈≈≈≈≈≈≈≈≈≈≈≈
≈≈≈≈≈≈≈≈≈≈≈≈≈≈≈≈≈≈≈≈≈≈≈≈≈≈≈
≈≈≈≈≈≈≈≈≈≈≈≈≈≈≈≈≈≈≈≈≈≈≈≈≈≈≈
≈≈≈≈≈≈≈≈≈≈≈≈≈≈≈≈≈≈ ≈≈≈≈≈
≈≈≈≈≈≈≈≈≈≈≈≈≈≈≈ ≈≈≈


You could see a merfolk javelineer (ally target), 3 merfolk, a friendly snapping
turtle (summoned), a friendly wind drake (summoned, repels missiles) and a
friendly ice beast (summoned).

Vanquished Creatures
  A sphinx (D:11)
  Frances (Shoals:1)
  The ghost of Zeititwapeda the Fighter, a journeyman MiBe of Trog (Lair:5)
  Azrael (Orc:1)
  2 deep elf annihilators (Elf:1)
  A dire elephant (Lair:6)
  Josephine (D:10)
  3 merfolk impalers
  Harold (D:7)
  6 hydras
  A catoblepas (Lair:6)
  4 boulder beetles
  2 merfolk aquamancers (Shoals:3)
  4 two-headed ogres
  An alligator snapping turtle (Shoals:2)
  8 death yaks
  A satyr (Shoals:3)
  5 orc high priests (Orc:2)
  Urug (Lair:4)
  A deep troll shaman (Lair:6)
  Sonja (Lair:4)
  4 sea snakes (Shoals:2)
  3 skeletal warriors (D:13)
  A flayed ghost (D:11)
  An orange crystal statue (D:12)
  4 orc knights
  7 harpies (Shoals:2)
  3 orc sorcerers
  3 oklob plants (Lair:4)
  8 fauns
  2 ugly things (D:12)
  3 manticores
  A merfolk siren (Lair:2)
  3 cyclopes
  26 elephants
  Joseph (D:7)
  7 water nymphs
  2 black mambas
  9 cane toads
  5 komodo dragons
  Maggie (D:6)
  5 rime drakes
  Psyche (D:11)
  An efreet (D:13)
  3 trolls
  2 wind drakes
  8 merfolk
  2 polar bears
  6 dream sheep
  19 blink frogs
  A snapping turtle (Shoals:2)
  Prince Ribbit (D:7)
  4 wyverns
  38 yaks
  5 water elementals
  3 fire elementals
  3 basilisks
  4 wraiths
  4 vampire mosquitoes (D:13)
  Menkaure (D:7)
  8 wargs
  4 nagas (Lair:4)
  An acid dragon (D:11)
  An acid dragon (shapeshifter) (D:11)
  10 water moccasins
  3 hell hounds (Orc:2)
  19 orc warriors
  2 black bears
  3 sky beasts
  2 necrophages
  9 ogres
  23 wolves
  A centaur (Shoals:2)
  A kobold brigand (D:7)
  A phantom (D:5)
  3 gnoll sergeants
  7 bullfrogs
  A scorpion (D:5)
  11 killer bees (D:8)
  16 wights
  6 howler monkeys
  2 bullfrog zombies
  15 centaur zombies
  35 orc priests
  A bullfrog skeleton (D:5)
  Crazy Yiuf (D:7)
  2 hounds (D:5)
  Jessica (D:2)
  A gnoll shaman (D:6)
  An iguana (D:7)
  8 orc wizards
  2 hell rats
  A killer bee zombie (D:8)
  A howler monkey zombie (D:10)
  39 gnolls
  7 adders
  3 shadow imps
  A white imp (D:6)
  A worm (D:2)
  4 dart slugs
  69 orcs
  6 endoplasms
  3 giant cockroaches
  23 hobgoblins
  5 quokkas
  3 training dummies (Shoals:3)
  5 ball pythons
  6 bats
  3 frilled lizards
  12 goblins
  12 kobolds
  7 rats
664 creatures vanquished.

Vanquished Creatures (collateral kills)
  2 fauns (Shoals:3)
  2 merfolk (Shoals:3)
  A water elemental (Shoals:3)
  A gnoll (D:3)
6 creatures vanquished.

Vanquished Creatures (others)
  A merfolk aquamancer (Shoals:2)
  An orc high priest (Orc:2)
  An orc (Orc:1)
  28 fungi
  44 plants
75 creatures vanquished.

Grand Total: 745 creatures vanquished

Notes
Turn   | Place    | Note
-------+----------+-------------------------------------------
     0 | D:1      | zeram the Gnoll Necromancer began the quest for the Orb.
     0 | D:1      | Reached XP level 1. HP: 13/13 MP: 6/6
   355 | D:1      | Reached XP level 2. HP: 7/19 MP: 3/7
  1105 | D:1      | Found a faded altar of an unknown god.
  1590 | D:2      | Learned a level 1 spell: Animate Skeleton
  1696 | D:2      | Reached skill level 5 in Spellcasting
  1696 | D:2      | Reached XP level 3. HP: 25/25 MP: 3/9
  1839 | D:2      | Noticed Jessica
  1848 | D:2      | Killed Jessica
  1849 | D:2      | Reached skill level 1 in Fighting
  1849 | D:2      | Reached skill level 1 in Short Blades
  1849 | D:2      | Reached skill level 1 in Long Blades
  1849 | D:2      | Reached skill level 1 in Axes
  1849 | D:2      | Reached skill level 1 in Maces & Flails
  1849 | D:2      | Reached skill level 1 in Polearms
  1849 | D:2      | Reached skill level 1 in Staves
  1849 | D:2      | Reached skill level 1 in Slings
  1849 | D:2      | Reached skill level 1 in Bows
  1849 | D:2      | Reached skill level 1 in Crossbows
  1849 | D:2      | Reached skill level 1 in Throwing
  1849 | D:2      | Reached skill level 1 in Armour
  1849 | D:2      | Reached skill level 1 in Shields
  1849 | D:2      | Reached skill level 1 in Unarmed Combat
  1849 | D:2      | Reached skill level 1 in Invocations
  1849 | D:2      | Reached skill level 1 in Evocations
  1874 | D:2      | Reached XP level 4. HP: 32/32 MP: 7/11
  1944 | D:2      | Reached skill level 1 in Conjurations
  1944 | D:2      | Reached skill level 1 in Hexes
  1944 | D:2      | Reached skill level 1 in Summonings
  1944 | D:2      | Reached skill level 1 in Translocations
  1944 | D:2      | Reached skill level 1 in Transmutations
  1944 | D:2      | Reached skill level 1 in Fire Magic
  1944 | D:2      | Reached skill level 1 in Ice Magic
  1944 | D:2      | Reached skill level 1 in Air Magic
  1944 | D:2      | Reached skill level 1 in Earth Magic
  1944 | D:2      | Reached skill level 1 in Poison Magic
  2152 | D:2      | Reached XP level 5. HP: 37/37 MP: 12/12
  2232 | D:2      | Learned a level 3 spell: Vampiric Draining
  2302 | D:2      | Found a hazy altar of Hepliaklqana.
  2860 | D:3      | Found Beischun's General Store.
  2891 | D:3      | Bought a potion of might for 44 gold pieces
  2891 | D:3      | Bought a scroll of teleportation for 33 gold pieces
  3067 | D:3      | Found an opulent altar of Gozag.
  3070 | D:3      | Found a stormy altar of Qazlal.
  3102 | D:3      | Found Didum's Magic Scroll Shop.
  3480 | D:3      | Found Jih Etan's Antique Weapon Shop.
  3605 | D:3      | Found Disiumn's Magic Scroll Emporium.
  3633 | D:3      | Reached XP level 6. HP: 44/44 MP: 13/13
  3698 | D:3      | Found Rubi's Armour Shoppe.
  3775 | D:4      | Found a shimmering blue altar of Sif Muna.
  3941 | D:4      | Noticed a necrophage
  4004 | D:4      | Killed a necrophage
  4005 | D:4      | Reached skill level 5 in Dodging
  4010 | D:4      | Learned a level 4 spell: Animate Dead
  4016 | D:4      | Learned a level 5 spell: Agony
  4058 | D:4      | Noticed a black bear
  4069 | D:4      | Killed a black bear
  4070 | D:4      | Reached XP level 7. HP: 43/50 MP: 7/15
  4411 | D:4      | Found a sparkling altar of Nemelex Xobeh.
  4545 | D:3      | Became a worshipper of Gozag Ym Sagoz the Greedy
  4743 | D:5      | Entered Level 5 of the Dungeon
  4966 | D:5      | Found a staircase to the Ecumenical Temple.
  5079 | D:5      | Reached skill level 5 in Stealth
  5477 | D:5      | Reached XP level 8. HP: 54/57 MP: 9/16
  6259 | D:6      | Identified the +1 robe "Umaerec" {rElec Int+4}
  6629 | D:6      | Noticed Maggie
  6640 | D:6      | Paralysed by Maggie for 5 turns
  6646 | D:6      | Killed Maggie
  7542 | D:5      | Reached XP level 9. HP: 18/60 MP: 18/18
  8093 | D:7      | Noticed Harold
  8115 | D:7      | Killed Harold
  8584 | D:7      | Found Zyteal's Specific Store.
  8587 | D:7      | Found Zagrik's General Store.
  8618 | D:7      | Found a flagged portal.
  8691 | Bailey   | Entered a bailey
  9258 | Bailey   | Reached skill level 5 in Invocations
  9643 | Bailey   | Acquired the +3 pair of gauntlets of War {Slay+5}
  9643 | Bailey   | Found the +3 pair of gauntlets of War {Slay+5}
  9730 | D:7      | Bought 3 scrolls of teleportation for 126 gold pieces
  9730 | D:7      | Bought a potion of invisibility for 112 gold pieces
  9833 | D:7      | Acquired 652 gold pieces
 10537 | D:7      | Noticed a troll
 10547 | D:7      | Killed a troll
 10548 | D:7      | Reached XP level 10. HP: 56/73 MP: 20/20
 10756 | D:7      | Reached skill level 5 in Fighting
 10756 | D:7      | Reached skill level 5 in Short Blades
 10756 | D:7      | Reached skill level 5 in Long Blades
 10756 | D:7      | Reached skill level 5 in Axes
 10756 | D:7      | Reached skill level 5 in Maces & Flails
 10756 | D:7      | Reached skill level 5 in Polearms
 10756 | D:7      | Reached skill level 5 in Staves
 10756 | D:7      | Reached skill level 5 in Slings
 10756 | D:7      | Reached skill level 5 in Bows
 10756 | D:7      | Reached skill level 5 in Crossbows
 10756 | D:7      | Reached skill level 5 in Throwing
 10756 | D:7      | Reached skill level 5 in Armour
 10756 | D:7      | Reached skill level 5 in Shields
 10756 | D:7      | Reached skill level 5 in Unarmed Combat
 10756 | D:7      | Reached skill level 5 in Evocations
 10844 | D:7      | Noticed Prince Ribbit
 10861 | D:7      | Identified the +7 great sword of Duty {vorpal, rElec rN+
                  | Int+3 Dex-3}
 10865 | D:7      | Killed Prince Ribbit
 10973 | D:7      | Noticed Menkaure
 10977 | D:7      | Killed Menkaure
 11092 | D:7      | Found a runed translucent door.
 11093 | D:7      | Noticed Crazy Yiuf
 11129 | D:7      | Noticed Joseph
 11142 | D:7      | Killed Joseph
 11711 | D:7      | Killed Crazy Yiuf
 11722 | D:7      | Acquired 849 gold pieces
 11808 | D:8      | Found Onkeulill's Distillery.
 12530 | D:3      | Bought the +0 robe "Meluh Avorr" {Drain rF+ Str+5 Archmagi}
                  | for 336 gold pieces
 12645 | D:3      | Bought a steaming rapier for 243 gold pieces
 12645 | D:3      | Identified the +8 rapier of Eppatzu {vorpal, Drain rPois
                  | Will+ Dex+4} (You bought it in a shop on level 3 of the
                  | Dungeon)
 12729 | D:3      | Bought a scroll of holy word for 82 gold pieces
 12729 | D:3      | Bought a scroll of blinking for 82 gold pieces
 12729 | D:3      | Bought a scroll of identify for 22 gold pieces
 12729 | D:3      | Bought a scroll of holy word for 82 gold pieces
 12729 | D:3      | Bought a scroll of brand weapon for 220 gold pieces
 12729 | D:3      | Bought a scroll of identify for 22 gold pieces
 12729 | D:3      | Bought a scroll of identify for 22 gold pieces
 12729 | D:3      | Bought a scroll of identify for 22 gold pieces
 12729 | D:3      | Bought a scroll of magic mapping for 38 gold pieces
 12729 | D:3      | Bought a scroll of teleportation for 33 gold pieces
 12805 | D:3      | Bought a book of Dangerous Friends for 440 gold pieces
 13272 | D:8      | Bought a potion of haste for 130 gold pieces
 13272 | D:8      | Bought a potion of flight for 39 gold pieces
 13272 | D:8      | Bought a potion of curing for 39 gold pieces
 13272 | D:8      | Bought a potion of curing for 39 gold pieces
 13272 | D:8      | Bought a potion of curing for 39 gold pieces
 13272 | D:8      | Bought a potion of curing for 39 gold pieces
 13272 | D:8      | Bought a potion of berserk rage for 65 gold pieces
 13272 | D:8      | Bought a potion of ambrosia for 104 gold pieces
 13290 | D:8      | Found a bloodstained altar of Trog.
 13396 | D:8      | Found a bloodstained altar of Trog.
 13493 | D:8      | You fall into a shaft and drop 3 floors!
 13493 | D:11     | Noticed Psyche
 13501 | D:11     | Killed Psyche
 13599 | D:11     | Found a runed translucent door.
 13599 | D:11     | Noticed a five-headed hydra
 13608 | D:11     | Killed a five-headed hydra
 13609 | D:11     | Reached XP level 11. HP: 10/81 MP: 1/22
 13609 | D:11     | Noticed a cyclops
 13620 | D:11     | Noticed a sea snake
 13620 | D:11     | a merfolk changed into a sea snake
 13967 | D:11     | Noticed a boulder beetle
 13983 | D:11     | Killed a boulder beetle
 13984 | D:11     | Reached skill level 5 in Conjurations
 13984 | D:11     | Reached skill level 5 in Hexes
 13984 | D:11     | Reached skill level 5 in Summonings
 13984 | D:11     | Reached skill level 5 in Translocations
 13984 | D:11     | Reached skill level 5 in Transmutations
 13984 | D:11     | Reached skill level 5 in Fire Magic
 13984 | D:11     | Reached skill level 5 in Ice Magic
 13984 | D:11     | Reached skill level 5 in Air Magic
 13984 | D:11     | Reached skill level 5 in Earth Magic
 13984 | D:11     | Reached skill level 5 in Poison Magic
 13993 | D:11     | Noticed a cyclops
 13996 | D:11     | Noticed a flayed ghost
 13998 | D:11     | Noticed a sphinx
 14007 | D:11     | Killed a cyclops
 14216 | D:11     | Noticed a death yak
 14217 | D:11     | Noticed a death yak
 14220 | D:11     | Noticed a death yak
 14220 | D:11     | Found a staircase to the Lair.
 14223 | D:11     | Noticed a cyclops
 14234 | D:10     | Entered Level 10 of the Dungeon
 14242 | D:10     | Killed a death yak
 14469 | D:10     | Found a basalt altar of Yredelemnul.
 14533 | D:10     | Noticed a two-headed ogre
 14542 | D:10     | Killed a two-headed ogre
 14659 | D:10     | Noticed a two-headed ogre
 14672 | D:10     | Killed a two-headed ogre
 14673 | D:10     | Reached XP level 12. HP: 49/89 MP: 24/24
 14934 | D:10     | Noticed a two-headed ogre
 14938 | D:10     | Killed a two-headed ogre
 15000 | D:10     | Found a staircase to the Orcish Mines.
 15047 | D:10     | Found an ornate altar of the Wu Jian Council.
 15261 | D:10     | Killed a death yak
 15268 | D:10     | Killed a death yak
 15474 | Orc:1    | Entered Level 1 of the Orcish Mines
 15649 | Orc:1    | Noticed Josephine
 15850 | D:10     | Killed Josephine
 16470 | Orc:1    | Learned a level 6 spell: Invisibility
 16477 | Orc:1    | Learned a level 6 spell: Shadow Creatures
 16901 | Orc:1    | Found Ufugy's Overcharged Wands.
 16951 | Orc:1    | Paralysed by an orc sorcerer for 2 turns
 17332 | Orc:2    | Entered Level 2 of the Orcish Mines
 17715 | Orc:2    | Noticed an orc high priest
 17720 | Orc:2    | Noticed Azrael
 17725 | Orc:2    | Killed an orc high priest
 17726 | Orc:2    | Reached XP level 13. HP: 88/98 MP: 26/26
 18519 | Orc:1    | Killed Azrael
 19078 | Orc:2    | Found Bourusap's Book Boutique.
 19078 | Orc:2    | Found Vuaca's Magic Scroll Shoppe.
 19190 | Orc:2    | Bought a scroll of teleportation for 48 gold pieces
 19190 | Orc:2    | Bought a scroll of teleportation for 48 gold pieces
 19190 | Orc:2    | Bought a scroll of teleportation for 48 gold pieces
 19190 | Orc:2    | Bought a scroll of identify for 32 gold pieces
 19355 | Orc:2    | Found Noqerill's Book Boutique.
 19355 | Orc:2    | Found Firph's Weapon Shoppe.
 19379 | Orc:2    | Found a staircase to the Elven Halls.
 20126 | Orc:2    | Bought the +9 spear "Tattletale" {spect, rElec rPois rC++
                  | Int+4} for 1352 gold pieces
 20596 | Orc:2    | Learned a level 2 spell: Ensorcelled Hibernation
 20599 | Orc:2    | Learned a level 2 spell: Poisonous Vapours
 20632 | Elf:1    | Entered Level 1 of the Elven Halls
 20632 | Elf:1    | Noticed a deep elf annihilator
 20632 | Elf:1    | Noticed a deep elf annihilator
 20632 | Elf:1    | Found a runed translucent gate.
 20632 | Elf:1    | Found a runed translucent gate.
 20632 | Elf:1    | Found a runed translucent gate.
 20632 | Elf:1    | Found a runed translucent gate.
 20632 | Elf:1    | Found a runed translucent gate.
 20632 | Elf:1    | Found a runed translucent gate.
 20633 | Elf:1    | Found a runed translucent door.
 20651 | Elf:1    | Killed a deep elf annihilator
 20663 | Elf:1    | Killed a deep elf annihilator
 20664 | Elf:1    | Reached skill level 10 in Necromancy
 21346 | D:11     | Killed a sphinx
 21522 | D:11     | Found a transporter.
 21523 | D:11     | Noticed a fire dragon
 21524 | D:11     | Noticed LustLizard's ghost (journeyman MiBe)
 21537 | D:11     | Found a transporter.
 21669 | D:12     | Found a runed translucent door.
 21688 | D:12     | Reached skill level 10 in Spellcasting
 21757 | D:12     | Found a runed translucent door.
 21943 | D:12     | Found a runed translucent door.
 21984 | D:12     | Found a runed translucent door.
 22550 | D:13     | Reached XP level 14. HP: 66/106 MP: 28/28
 22898 | D:13     | Reached skill level 10 in Dodging
 23567 | Lair:1   | Entered Level 1 of the Lair of Beasts
 23934 | Lair:1   | Reached skill level 10 in Stealth
 24311 | Lair:2   | Found a staircase to the Shoals.
 24485 | Lair:2   | Reached skill level 10 in Invocations
 26602 | Lair:4   | Noticed Sonja
 26610 | Lair:4   | Killed Sonja
 26733 | Lair:4   | Found a staircase to the Snake Pit.
 26740 | Lair:4   | Noticed Urug
 26772 | Lair:4   | Killed Urug
 28979 | Lair:5   | Reached XP level 15. HP: 78/115 MP: 29/29
 29368 | Lair:5   | Found a runed translucent gate.
 29369 | Lair:5   | Found a runed translucent gate.
 29374 | Lair:5   | Found a runed translucent gate.
 29537 | Lair:5   | Noticed Zeititwapeda's ghost (journeyman MiBe)
 29662 | Lair:5   | Found a runed translucent door.
 29663 | Lair:5   | Found a viscous altar of Jiyva.
 29664 | Lair:5   | Noticed an azure jelly
 29666 | Lair:5   | Found a staircase to the Slime Pits.
 29666 | Lair:5   | Noticed an azure jelly
 30075 | Lair:5   | Killed Zeititwapeda's ghost
 30108 | Lair:6   | Entered Level 6 of the Lair of Beasts
 30210 | Lair:6   | Reached skill level 10 in Fighting
 30210 | Lair:6   | Reached skill level 10 in Short Blades
 30210 | Lair:6   | Reached skill level 10 in Long Blades
 30210 | Lair:6   | Reached skill level 10 in Axes
 30210 | Lair:6   | Reached skill level 10 in Maces & Flails
 30210 | Lair:6   | Reached skill level 10 in Polearms
 30210 | Lair:6   | Reached skill level 10 in Staves
 30210 | Lair:6   | Reached skill level 10 in Slings
 30210 | Lair:6   | Reached skill level 10 in Bows
 30210 | Lair:6   | Reached skill level 10 in Crossbows
 30210 | Lair:6   | Reached skill level 10 in Throwing
 30210 | Lair:6   | Reached skill level 10 in Armour
 30210 | Lair:6   | Reached skill level 10 in Shields
 30210 | Lair:6   | Reached skill level 10 in Unarmed Combat
 30210 | Lair:6   | Reached skill level 10 in Evocations
 30589 | Lair:6   | Bought the ring of Olo Canatoi {SInv Stlth+} for 446 gold
                  | pieces
 30800 | Lair:6   | Found the +4 robe of Augmentation {Str+4 Int+4 Dex+4}
 31254 | Shoals:1 | Entered Level 1 of the Shoals
 31372 | Shoals:1 | Bought a scarf of repulsion for 192 gold pieces
 31431 | Shoals:1 | Noticed Frances
 31444 | Shoals:1 | Killed Frances
 31738 | Shoals:2 | Found Laufan's Jewellery Shop.
 31750 | Shoals:2 | Found Qempu's Book Emporium.
 31816 | Shoals:2 | Identified the +8 morningstar "Ruobb" {protect, Str+3}
 31965 | Shoals:2 | Reached XP level 16. HP: 108/123 MP: 31/31
 32576 | Shoals:3 | Noticed Roxanne
 32697 | Shoals:3 | Found Fuomasar's Firing Range.
 32849 | Shoals:2 | Bought Winefala's Guide on the Cankerous Glacier for 432
                  | gold pieces
 32854 | Shoals:2 | Learned a level 4 spell: Summon Ice Beast
 32859 | Shoals:2 | Learned a level 4 spell: Cause Fear
 33100 | Shoals:3 | Hit by a boomerang thrown by a merfolk

Illustrated notes

Levels and vault maps discovered:
D:1:      ncdulo_smallfort, layout_loops_corners,
          dreamdust_ecumenical_altar_hidden_monk_grotto,
          kennysheep_pointless_box, minmay_misc_feat_pillars,
          minmay_small_reverse_x
D:2:      layout_loops_corners, basic_altar, grunt_ministairs_1,
          ebering_dispersal_statue_hall, uniq_jessica
D:3:      layout_basic, minitemple, serial_shops, nicolae_lakefront_shop, shop,
          nicolae_lakefront_shop, shop, shop
D:4:      layout_loops_ring, lemuel_round_altar, mainiacjoe_overflow_alcove_2
D:5:      minmay_angry_zag, layout_layer_cave, minmay_temple_entry_purple_smoke
D:6:      layout_basic, uniq_maggie
D:7:      layout_loops_corners, enter_bailey_5, nicolae_specific_store,
          minmay_statues_item, uniq_crazy_yiuf_cottage, uniq_prince_ribbit1,
          uniq_joseph, uniq_menkaure, uniq_harold
D:8:      layout_cave_pools, trog_three_pillars_becter, serial_shops, shop,
          kennysheep_small_circle
D:10:     layout_rooms, marbit_many_paths, nicolae_yredelemnul_corpse_copse,
          orc_0_dummy, minmay_misc_feat_four_crosses, serial_bayou_pond_d,
          hangedman_decor_lopped, kennysheep_generic_room_12
D:11:     layout_cave_pools, dpeg_lair_monsters,
          gammafunk_ghost_berserking_beasts, minivault_13, uniq_psyche
D:12:     layout_rooms, grunt_ministairs_6, amcnicky_mini_pool_small,
          minmay_statue_crystal_thing
D:13:     layout_basic
Lair:1:   layout_long_grid, serial_bayou_shore_a
Lair:2:   layout_gridlike, elwin_shoals_entry_stream, beast_lair_carwin_8,
          grunt_megastairs_5, infiniplex_staircase_pool
Lair:3:   layout_chaotic_city, nzn_sisyphean_effort, grunt_megastairs_3,
          infiniplex_staircase_pool_2
Lair:4:   dpeg_oklob_gauntlet, layout_concentric_octagons,
          guppyfry_snake_entry_island, serial_bayou_shore_b,
          lemuel_fruit_fields, uniq_sonja, uniq_urug
Lair:5:   layout_hall_layers, slime_altar_2, ebering_ghost_rock_garden,
          serial_bayou_pond_b, minmay_lair_oklob_chamber
Lair:6:   grunt_lair_end_beastmaster, layout_loops_ring, minivault_25
Shoals:1: layout_shoals, uniq_frances
Shoals:2: layout_shoals, serial_shops, nicolae_stop_n_shop_2,
          nicolae_stop_n_shop_2
Shoals:3: layout_shoals, nicolae_shop_firing_range, uniq_roxanne
Orc:1:    cheibrodos_orc_arena, layout_caves, nicolae_shop_overcharged_wands,
          uniq_josephine
Orc:2:    st_orc_town, layout_caves, nicolae_orc_lava_room, uniq_azrael
Elf:1:    nicolae_elf_arrival_dilemma, layout_gridlike, basic_altar,
          hangedman_elf_represent, lemuel_upstairs_altar

Skill      XL: |  1  2  3  4  5  6  7  8  9 10 11 12 13 14 15 16 |
---------------+-------------------------------------------------+-----
Spellcasting   | 5 6 7 8 9 10 11 | 11.7
Fighting       | 1 2 3 4 5 6 7 8 9 10 | 10.7
Short Blades   | 1 2 3 4 5 6 7 8 9 10 | 10.7
Long Blades    | 1 2 3 4 5 6 7 8 9 10 | 10.7
Axes           | 1 2 3 4 5 6 7 8 9 10 | 10.7
Maces & Flails | 1 2 3 4 5 6 7 8 9 10 | 10.7
Polearms       | 1 2 3 4 5 6 7 8 9 10 | 10.7
Staves         | 1 2 3 4 5 6 7 8 9 10 | 10.7
Slings         | 1 2 3 4 5 6 7 8 9 10 | 10.7
Bows           | 1 2 3 4 5 6 7 8 9 10 | 10.7
Crossbows      | 1 2 3 4 5 6 7 8 9 10 | 10.7
Throwing       | 1 2 3 4 5 6 7 8 9 10 | 10.7
Armour         | 1 2 3 4 5 6 7 8 9 10 | 10.7
Shields        | 1 2 3 4 5 6 7 8 9 10 | 10.7
Unarmed Combat | 1 2 3 4 5 6 7 8 9 10 | 10.7
Invocations    | 1 2 3 4 5 6 7 8 9 10 11 | 11.6
Evocations     | 1 2 3 4 5 6 7 8 9 10 | 10.7
Conjurations   | 1 2 3 4 5 6 7 8 9 |  9.1
Hexes          | 1 2 3 4 5 6 7 8 9 |  9.1
Summonings     | 1 2 3 4 5 6 7 8 9 |  9.1
Translocations | 1 2 3 4 5 6 7 8 9 |  9.1
Transmutations | 1 2 3 4 5 6 7 8 9 |  9.1
Fire Magic     | 1 2 3 4 5 6 7 8 9 |  9.1
Ice Magic      | 1 2 3 4 5 6 7 8 9 |  9.1
Air Magic      | 1 2 3 4 5 6 7 8 9 |  9.1
Earth Magic    | 1 2 3 4 5 6 7 8 9 |  9.1
Poison Magic   | 1 2 3 4 5 6 7 8 9 |  9.1
Dodging        | 5 6 7 8 9 10 11 | 11.6
Stealth        | 5 6 7 8 9 10 11 | 11.4
Necromancy     | 8 9 10 11 | 11.4

Action                   |  1- 3 |  4- 6 |  7- 9 | 10-12 | 13-15 | 16-18 || total
-------------------------+-------+-------+-------+-------+-------+-------++-------
Melee: Club              |    27 |       |   245 |    27 |       |       ||   299
       Staff             |     2 |   143 |   223 |       |       |       ||   368
       Bite              |       |    12 |    41 |    68 |   133 |    18 ||   272
       Great sword       |       |       |       |    59 |       |       ||    59
       Rapier            |       |       |       |   432 |   154 |       ||   586
       Morningstar       |       |       |       |    18 |       |       ||    18
       Spear             |       |       |       |       |   910 |   166 ||  1076
 Cast: Pain              |    34 |    73 |   164 |    29 |       |       ||   300
       Animate Skeleton  |     2 |     4 |       |       |       |       ||     6
       Vampiric Draining |       |     1 |    14 |    16 |     9 |       ||    40
       Agony             |       |       |       |     1 |       |       ||     1
       Summon Ice Beast  |       |       |       |       |       |    12 ||    12
Invok: Call Merchant     |       |       |       |       |     2 |       ||     2
Evoke: Wand              |       |       |       |       |    24 |     1 ||    25
  Use: Scroll            |     2 |     5 |    13 |    11 |     7 |     3 ||    41
       Potion            |       |       |    14 |     4 |    10 |     4 ||    32
 Stab: Sleeping          |     2 |     3 |    10 |     7 |    23 |    10 ||    55
       Distracted        |       |       |       |     4 |    34 |     4 ||    42
       Invisible         |       |       |       |       |     8 |       ||     8
Armor: Robe              |     1 |       |    33 |   141 |   120 |    16 ||   311
       Troll leather arm |     8 |    43 |    36 |       |       |       ||    87
       Skin              |       |       |    17 |       |       |       ||    17
Dodge: Dodged            |    23 |   141 |   341 |   479 |   398 |   123 ||  1505
       Repelled          |       |       |       |       |       |     2 ||     2
Block: Buckler           |       |    10 |   141 |   173 |   209 |    55 ||   588
       Rpst.: Great sword |       |       |       |    21 |       |       ||    21
